 Dungeon Crawl Stone Soup version 0.31-a0-1555-g5715333c33 (webtiles) character file.

Game seed: 6170636935338918768

267 Conn the Sneak (level 6, 0/36 HPs)
             Began as an Octopode Fire Elementalist on Jan 3, 2024.
             Slain by NoAnimeNoLife's ghost (17 damage)
             ... on level 4 of the Dungeon.
             The game lasted 00:06:37 (3590 turns).

Conn the Sneak (Octopode Fire Elementalist)         Turns: 3590, Time: 00:06:37

Health: 0/36       AC:  1    Str:  8    XL:     6   Next: 21%
Magic:  0/10       EV: 14    Int: 19    God:
Gold:   165        SH:  0    Dex: 18    Spells: 0/10 levels left

rFire   . . .        r - +1 hand axe (heavy)
rCold   . . .        (no shield)
rNeg    . . .        (helmet restricted)
rPois   .            (no amulet)
rElec   .            n - +6 ring of dexterity
rCorr   .            (no ring)
SInv    .            (no ring)
Will    .....        (no ring)
Stlth   ++++         (no ring)
HPRegen 0.26/turn    (no ring)
MPRegen 0.12/turn    (no ring)
                     (no ring)

%: no passive effects
@: no status effects
A: almost no armour, amphibious, 8 rings, camouflage 1, gelatinous body 1,
(nimble swimmer 1), tentacles
a: no special abilities


You were on level 4 of the Dungeon.
You visited 1 branch of the dungeon, and saw 4 of its levels.

You collected 165 gold pieces.

Inventory:

Hand Weapons
 d - a +0 short sword
 r - a +1 heavy hand axe (weapon)
 u - a +2 dagger of venom
Missiles
 g - 6 poisoned darts
 s - 4 darts of dispersal (quivered)
Armour
 i - a +0 kite shield
Magical Staves
 j - a staff of earth
Jewellery
 n - a +6 ring of dexterity (left tentacle)
Scrolls
 b - a scroll of immolation {unknown}
 c - 2 scrolls of enchant armour {unknown}
 f - 3 scrolls of identify {unknown}
 h - 3 scrolls of teleportation {unknown}
 k - 2 scrolls of poison {unknown}
 m - 2 scrolls of fog {unknown}
 p - 2 scrolls of vulnerability {unknown}
 q - a scroll of fear {unknown}
 t - 2 scrolls of noise {unknown}
 v - a scroll of revelation {unknown}
Potions
 a - 3 potions of magic
 e - 6 potions of curing {unknown}
 l - a potion of enlightenment {unknown}
 o - a potion of invisibility {unknown}
 w - a potion of might {unknown}
 x - a potion of heal wounds {unknown}


   Skills:
 + Level 3.1 Dodging
 + Level 4.4 Stealth
 + Level 0.1 Shields
 + Level 2.9 Spellcasting
 * Level 3.0 Conjurations
 + Level 1.4 Hexes
 + Level 3.8 Fire Magic


You couldn't memorise any spells.
You knew the following spells:

 Your Spells              Type           Power      Damage    Failure   Level
a - Foxfire               Conj/Fire      60%        2x1d7     3%          1
b - Scorch                Fire           34%        2d6       4%          2
c - Inner Flame           Hex/Fire       12%        N/A       16%         3
d - Flame Wave            Conj/Fire      15%        2d7       36%         4

Your spell library contained the following spells:

 Spells                   Type           Power      Damage    Failure   Level
 Ensorcelled Hibernation  Hex/Ice        10%        N/A       17%         2
 Volatile Blastmotes      Fire/Tloc      20%        2d11      22%         3
 Mercury Vapours          Alch/Air       4%         N/A       24%         2
 Mephitic Cloud           Conj/Alch/Air  6%         N/A       30%         3
 Fugue of the Fallen      Necr           2%         N/A       43%         3
 Anguish                  Hex/Necr       2%         N/A       75%         4
 Freezing Cloud           Conj/Ice/Air   3%         6-21      96%         5


Dungeon Overview and Level Annotations

Branches:
Dungeon (4/15)
 Temple: D:4-7

Altars:
The Shining One

Annotations:
D:3 2 transporters, vurker's ghost, amateur VSEn
D:4 NoAnimeNoLife's ghost, amateur TrCA


Innate Abilities, Weirdness & Mutations

You cannot wear most types of armour.
You are amphibious.
You can wear up to eight rings at the same time.
Your skin changes colour to match your surroundings (Stealth+).
Your rubbery body absorbs attacks. (AC +1, EV +1)
((You are camouflaged when in or above water. (Stealth+)))
You have tentacles for arms and can constrict up to eight enemies at once.


Message History

NoAnimeNoLife's ghost misses you. The giant cockroach bites you.
Unknown command.
You hit the giant cockroach.
You kill the giant cockroach!
You hit NoAnimeNoLife's ghost but do no damage.
NoAnimeNoLife's ghost hits you!
NoAnimeNoLife's ghost closely misses you.
Unknown command.
Casting: Foxfire (safe; 3% risk of failure)
Confirm with . or Enter, or press ? or * to list all spells.
Flames lash NoAnimeNoLife's ghost.
NoAnimeNoLife's ghost is moderately damaged.
NoAnimeNoLife's ghost hits you.
Unknown command.
Casting: Scorch (safe; 4% risk of failure)
Confirm with . or Enter, or press ? or * to list all spells.
Flames lash NoAnimeNoLife's ghost.
NoAnimeNoLife's ghost is heavily damaged.
NoAnimeNoLife's ghost hits you.
Unknown command.
You slash NoAnimeNoLife's ghost!
NoAnimeNoLife's ghost is heavily damaged.
NoAnimeNoLife's ghost completely misses you.
NoAnimeNoLife's ghost hits you.
Unknown command.
You aren't carrying any items that you can evoke.
Unknown command.
Throw: 6 darts (disperse)
Press: ? - help, Q - select action, (/) - cycle Shift-Dir - straight line, f - NoAnimeNoLife's ghost
Aim: NoAnimeNoLife's ghost (heavily damaged, more vulnerable to fire, 61% to hit)
You throw a dart of dispersal.
The dart of dispersal closely misses NoAnimeNoLife's ghost.
NoAnimeNoLife's ghost hits you.
Throw: 5 darts (disperse)
Press: ? - help, Q - select action, (/) - cycle Shift-Dir - straight line, f/p - NoAnimeNoLife's ghost
Aim: NoAnimeNoLife's ghost (heavily damaged, more vulnerable to fire, 61% to hit)
You throw a dart of dispersal.
The dart of dispersal barely misses NoAnimeNoLife's ghost.
NoAnimeNoLife's ghost hits you!
You die...

####+#### #. ~#
........# #. $#
........+ #. ~#
........# $ ~#
..<.....# .#~## #
........# ####~###.##
........# #..#W#....#
........######..@...#
######.......#...####
#######.#.### #)#.#
####.#.# #....#.#
#.##.#.#####
#.#..#.....#
#.########.#


You could see NoAnimeNoLife's ghost (combustible).

Vanquished Creatures
  An orc priest (D:3)
  Terence (D:2)
  An orc wizard (D:3)
  Natasha (twice) (D:2)
  4 gnolls (D:3)
  5 adders
  A ribbon worm (D:3)
  2 dart slugs
  2 orcs (D:3)
  3 endoplasms
  A giant cockroach (D:4)
  2 goblins
  3 hobgoblins
  3 jackals (D:1)
  4 kobolds
  2 quokkas
  7 ball pythons
  3 bats
  A frilled lizard (D:1)
  5 rats
53 creatures vanquished.

Vanquished Creatures (others)
  129 foxfires
129 creatures vanquished.

Grand Total: 182 creatures vanquished

Notes
Turn   | Place    | Note
-------+----------+-------------------------------------------
     0 | D:1      | Conn the Octopode Fire Elementalist began the quest for the
                  | Orb.
     0 | D:1      | Reached XP level 1. HP: 11/11 MP: 3/3
   283 | D:1      | Reached XP level 2. HP: 17/17 MP: 5/5
   346 | D:1      | Learned a level 2 spell: Scorch
   350 | D:1      | Reached skill level 3 in Stealth
  1135 | D:2      | Reached XP level 3. HP: 21/21 MP: 1/6
  1209 | D:2      | Learned a level 3 spell: Inner Flame
  1499 | D:2      | Noticed Natasha
  1504 | D:2      | Killed Natasha
  1505 | D:2      | Reached XP level 4. HP: 19/27 MP: 0/7
  1880 | D:2      | Noticed Terence
  1980 | D:2      | Killed Terence
  2073 | D:2      | Noticed Natasha
  2076 | D:2      | Killed Natasha
  2077 | D:2      | Reached XP level 5. HP: 31/31 MP: 4/8
  2326 | D:3      | Reached skill level 4 in Stealth
  2340 | D:3      | Reached skill level 1 in Hexes
  2684 | D:3      | Reached XP level 6. HP: 36/36 MP: 0/10
  2885 | D:3      | Found a transporter.
  2886 | D:3      | Noticed vurker's ghost (amateur VSEn)
  2894 | D:3      | Identified the +3 spear "Wegriavy" {elec, ^Contam rPois rF+
                  | Str+8}
  3226 | D:3      | Found a faded altar of an unknown god.
  3230 | D:3      | Found a glowing golden altar of the Shining One.
  3274 | D:3      | Learned a level 4 spell: Flame Wave
  3350 | D:3      | Found a transporter.
  3575 | D:4      | Found a runed translucent door.
  3577 | D:4      | Noticed NoAnimeNoLife's ghost (amateur TrCA)
  3590 | D:4      | Slain by NoAnimeNoLife's ghost

Illustrated notes

Levels and vault maps discovered:
D:1:      ebering_hopf_link, layout_loops_corners
D:2:      wander_river, layout_basic, uniq_terence, uniq_natasha
D:3:      layout_basic, nicolae_overflow_ecumenical_swirl,
          gammafunk_ghost_gnarly_gnolls
D:4:      layout_basic, ebering_ghost_sewer_d, chequers_serial_rivers_small_3,
          uniq_pikel, uniq_menkaure

Skill      XL: |  1  2  3  4  5  6 |
---------------+-------------------+-----
Stealth        | 3 4 |  4.4
Conjurations   | 2 3 |  3.0
Hexes          | 1 |  1.4
Dodging        | 3 |  3.1
Shields        | |  0.1
Spellcasting   | |  2.9
Fire Magic     | |  3.8

Action                     |  1- 3 |  4- 6 || total
---------------------------+-------+-------++-------
  Melee: Short sword       |    20 |     1 ||    21
         Constrict         |     6 |     4 ||    10
         Tentacles         |     3 |     3 ||     6
         Unarmed           |     1 |       ||     1
         Punch             |     1 |       ||     1
         Hand axe          |       |    18 ||    18
  Throw: Dart              |       |     2 ||     2
   Cast: Foxfire           |    28 |    48 ||    76
         Scorch            |     5 |    18 ||    23
   Stab: Sleeping          |     2 |     5 ||     7
 Armour: Skin              |    10 |    21 ||    31
  Dodge: Dodged            |    10 |     9 ||    19

Table legend: (Time is in decaauts)
 A = Elapsed time spent in this place.
 B = Non-inter-level travel time spent in this place.
 C = Inter-level travel time spent in this place.
 D = Time resting spent in this place.
 E = Time spent auto-exploring this place.
 F = Levels seen in this place.
 G = Mean time per level.
                   A        B        C        D        E       F      G
               +--------+--------+--------+--------+--------+-----+--------+
         Total |   3604 |   3494 |    110 |    112 |   2634 |   4 |  901.0 |
       Dungeon |   3604 |   3494 |    110 |    112 |   2634 |   4 |  901.0 |
               +--------+--------+--------+--------+--------+-----+--------+

Top non-repeatable levels by time:
     D:2: 1261 daAuts
     D:3: 1223 daAuts
     D:1: 1047 daAuts
     D:4: 71 daAuts
